 Dungeon Crawl Stone Soup version 0.14-a0-987-gc8002fa (webtiles) character file.

2740 4tharraofdagon the Spear-Bearer (level 9, 0/75 HPs)
             Began as a Djinni Berserker on Nov 21, 2013.
             Was a Priest of Trog.
             Slain by an eight-headed hydra skeleton (4 damage)
             ... on Level 9 of the Dungeon.
             The game lasted 00:20:33 (3517 turns).

4tharraofdagon the Spear-Bearer (Djinni Berserker)  Turns: 3517, Time: 00:20:33

HP   0/75        AC 13     Str 20      XL: 9   Next: 22%
MP   0/0         EV 10     Int  9      God: Trog [***...]
Gold 353         SH  0     Dex 12      Spells:  0 memorised,  8 levels left

Res.Fire  : + + +   See Invis. : .   Q - +0 trident
Res.Cold  : x . .   Warding    : .   y - +5 ring mail of Vocips {Acc+5 Dam+5}
Life Prot.: + + +   Conserve   : .   (no shield)
Res.Poison: .       Res.Corr.  : .   j - +1 dwarf helmet
Res.Elec. : .       Clarity    : .   (no cloak)
Sust.Abil.: . .     Spirit.Shd : .   (no gloves)
Res.Mut.  : .       Stasis     : .   (boots unavailable)
Res.Rott. : .       Flight     : +   (no amulet)
Saprovore : . . .                    (no ring)
                                     E - cursed ring of hunger {unknown}

@: flying, slightly resistant to hostile enchantments, very unstealthy
A: fire immunity, cold vulnerability, life protection 3
a: Burn Spellbooks, Berserk, Trog's Hand, Renounce Religion


You were on level 9 of the Dungeon.
You worshipped Trog.
Trog was most pleased with you.
You were not hungry.

You visited 1 branch of the dungeon, and saw 12 of its levels.
You also visited: Sewer and Ossuary.

You collected 353 gold pieces.

Inventory:

Hand weapons
 a - a +0,-2 spear
 d - a +0,+0 trident
 Q - a +0,+0 trident (weapon)
 R - a +2,+1 morningstar of venom
Missiles
 L - 4 needles of sleeping
 P - 2 curare-tipped needles
Armour
 b - a cursed +0 animal skin
 e - a +1 scale mail
 j - a +1 dwarven helmet (worn)
 y - the +5 ring mail of Vocips (worn) {Acc+5 Dam+5}
   (You found it on level 10 of the Dungeon)

   It affects your accuracy (+5).
   It affects your damage-dealing abilities (+5).
 C - a +4 orcish ring mail
 F - a +0 chain mail
Magical devices
 z - a wand of disintegration (6)
 H - a wand of paralysis (7)
 J - a wand of cold (0)
 K - a wand of teleportation (5)
Scrolls
 c - a scroll of magic mapping
 f - a scroll of curse armour {unknown}
 g - a scroll of enchant armour {unknown}
 h - a scroll of amnesia {unknown}
 n - a scroll of recharging {unknown}
 p - 6 scrolls of teleportation
 q - 2 scrolls of fog
 u - 2 scrolls of acquirement {unknown}
 v - 3 scrolls of immolation {unknown}
 w - a scroll of curse jewellery {unknown}
 x - a scroll of noise {unknown}
 A - 3 scrolls of remove curse
 D - 3 scrolls of random uselessness {unknown}
 I - a scroll of curse weapon {unknown}
 M - a scroll of enchant weapon II {unknown}
Jewellery
 s - the cursed ring of Shadows {+Inv rN+ EV+4 Acc-4 SInv Stlth+}
   (You found it on level 5 of the Dungeon)

   [ring of invisibility]

   It affects your evasion (+4).
   It affects your accuracy (-4).
   It protects you from negative energy.
   It enhances your eyesight.
   It makes you much more stealthy.
   It has a curse placed upon it.
 E - a cursed ring of hunger (left hand) {unknown}
 G - an uncursed amulet of rage
Potions
 i - 2 potions of invisibility
 k - 3 potions of brilliance
 l - 2 potions of degeneration
 m - a potion of paralysis
 o - a potion of confusion
 r - 5 potions of curing
 t - 2 potions of restore abilities
 B - a potion of agility
 N - a potion of cure mutation
 O - a potion of might {unknown}


   Skills:
 + Level 6.2 Fighting
 * Level 8.8 Polearms
 + Level 6.6 Armour
 - Level 1.7 Dodging
 + Level 4.4 Evocations


You had 8 spell levels left.
You didn't know any spells.

Dungeon Overview and Level Annotations

Branches:
Dungeon (12/16)            Temple (0/1) D:6
    Orc: D:9-12        Lair: D:8-11

Altars:
Ashenzari
Cheibriados
Kikubaaqudgha
the Shining One


Innate Abilities, Weirdness & Mutations

You are immune to all types of fire, even holy and hellish.
You are vulnerable to cold.
You need no food.
You have no legs.
You are immune to negative energy.


Message History

The eight-headed hydra skeleton bites you but does no damage.
The eight-headed hydra skeleton barely misses you.
The eight-headed hydra skeleton bites you!
The eight-headed hydra skeleton closely misses you.
The eight-headed hydra skeleton bites you!
The eight-headed hydra skeleton bites you but does no damage.
The eight-headed hydra skeleton bites you.
You puncture the eight-headed hydra skeleton!
The eight-headed hydra skeleton closely misses you.
The eight-headed hydra skeleton bites you but does no damage.
The eight-headed hydra skeleton closely misses you.
The eight-headed hydra skeleton bites you!
* * * LOW HITPOINT WARNING * * *
The eight-headed hydra skeleton closely misses you.
The eight-headed hydra skeleton bites you.
* * * LOW HITPOINT WARNING * * *
The eight-headed hydra skeleton bites you!
* * * LOW HITPOINT WARNING * * *
The eight-headed hydra skeleton bites you.
You die...

≈≈≈≈......#####.##.#.# .#
≈≈≈.....>............# .#
..≈{..##..#####.##.......
.# ..........# #.# #####
# .....##.## #.# #### #.#
#.# #.# #.# #.# #Z# #.#
#@# #.# #.# #.# #.#
#.######.# #........#
##########


You could see an eight-headed hydra skeleton.

Vanquished Creatures
  The ghost of 4tharraofdagon the Slasher, an experienced DjAK of Lugonu (D:7)
  A troll (D:10)
  A two-headed ogre (D:10)
  2 hippogriffs
  A hill giant skeleton (D:11)
  An ogre (D:10)
  A giant frog (D:11)
  4 killer bees (D:10)
  5 wights (D:10)
  2 giant frog zombies
  A jelly (D:10)
  A giant frog skeleton (D:10)
  2 iguanas
  3 hounds
  A centaur skeleton (D:6)
  5 worker ants
  A big kobold zombie (Ossuary)
  Jessica (D:3)
  A hound zombie (Ossuary)
  5 mummies
  5 adders
  A giant mite (D:6)
  7 worms
  3 adder zombies (Ossuary)
  2 giant eyeballs
  8 giant geckos
  4 oozes (Sewer)
  10 orcs
  A bat skeleton (D:8)
  4 giant cockroaches
  4 hobgoblins
  11 jackals
  5 ball pythons
  10 bats
  6 giant newts
  4 goblins
  2 goblin zombies (Ossuary)
  2 hobgoblin zombies (Ossuary)
  A jackal zombie (Ossuary)
  13 kobolds
  2 rats
145 creatures vanquished.

Vanquished Creatures (others)
  A human (D:3)
  A hound zombie (Ossuary)
  A goblin zombie (Ossuary)
3 creatures vanquished.

Grand Total: 148 creatures vanquished

Notes
Turn   | Place    | Note
--------------------------------------------------------------
     0 | D:1      | 4tharraofdagon, the Djinni Berserker, began the quest for the Orb.
     0 | D:1      | Reached XP level 1. HP: 16/16 MP: 0/0
   189 | D:1      | Reached XP level 2. EP: 16/22
   348 | D:3      | Acquired Trog's second power
   353 | D:3      | Found an ancient bone altar of Kikubaaqudgha.
   354 | D:3      | Noticed Jessica
   366 | D:3      | Killed Jessica
   366 | D:3      | Reached XP level 3. EP: 29/29
   370 | D:3      | Noticed a human
   372 | D:3      | Killed a human
   510 | D:3      | Found a glowing drain.
   529 | Sewer    | Entered a sewer
   538 | Sewer    | Reached skill level 4 in Polearms
   538 | Sewer    | Reached XP level 4. EP: 33/35
  1024 | D:3      | Reached XP level 5. EP: 37/41
  1141 | D:4      | Paralysed by a giant eyeball for 2 turns
  1145 | D:4      | Paralysed by a giant eyeball for 2 turns
  1185 | D:5      | Entered Level 5 of the Dungeon
  1343 | D:5      | Reached skill level 1 in Evocations
  1410 | D:6      | Found a snail-covered altar of Cheibriados.
  1444 | D:6      | Found a shattered altar of Ashenzari.
  1449 | D:6      | Saw a vision of the Swamp and the Spider Nest.
  1449 | D:6      | Noticed a redback
  1519 | D:6      | Reached skill level 5 in Polearms
  1590 | D:6      | Reached XP level 6. EP: 41/50
  1608 | D:6      | Noticed an orc warrior
  1632 | D:6      | Found a sand-covered staircase.
  1638 | Ossuary  | Entered an ossuary
  1982 | D:6      | Found a staircase to the Ecumenical Temple.
  2197 | D:7      | Noticed 4tharraofdagon's ghost (experienced DjAK)
  2271 | D:7      | Killed 4tharraofdagon's ghost
  2271 | D:7      | Reached skill level 5 in Fighting
  2271 | D:7      | Reached skill level 6 in Polearms
  2271 | D:7      | Reached skill level 5 in Armour
  2271 | D:7      | Reached XP level 7. EP: 30/56
  2514 | D:8      | Paralysed by a giant eyeball for 4 turns
  2565 | D:9      | Found a glowing golden altar of the Shining One.
  2824 | D:10     | Entered Level 10 of the Dungeon
  2832 | D:10     | Got an encrusted ring mail
  2851 | D:10     | Reached skill level 7 in Polearms
  2870 | D:10     | Identified the +5 ring mail of Vocips {Acc+5 Dam+5} (You found it on level 10 of the Dungeon)
  2870 | D:10     | 4tharraofdagon: :O
  2880 | D:10     | Bloax: ringmail of slayer
  2884 | D:10     | Reached XP level 8. EP: 57/64
  2896 | D:10     | Noticed a boulder beetle
  2904 | D:10     | Noticed a two-headed ogre
  2914 | D:10     | Killed a two-headed ogre
  3029 | D:10     | Noticed a troll
  3032 | D:10     | Killed a troll
  3032 | D:10     | Reached skill level 8 in Polearms
  3169 | D:10     | Paralysed by a giant eyeball for 4 turns
  3174 | D:10     | Noticed a two-headed ogre
  3175 | D:10     | Paralysed by a giant eyeball for 2 turns
  3181 | D:10     | Paralysed by a giant eyeball for 2 turns
  3206 | D:11     | 4tharraofdagon: godlike jewellry
  3206 | D:11     | 4tharraofdagon: not for me
  3237 | D:12     | timbw: inv is yellow contam?
  3290 | D:12     | Noticed a cyclops
  3308 | D:11     | Reached XP level 9. EP: 50/74
  3427 | D:10     | Acquired Trog's third power
  3502 | D:9      | Noticed an eight-headed hydra skeleton
  3517 | D:9      | Slain by an eight-headed hydra skeleton

Action                   |  1- 3 |  4- 6 |  7- 9 || total
-------------------------+-------+-------+-------++-------
Melee: Spear             |   172 |   529 |     6 ||   707
       Trident           |       |    69 |   228 ||   297
Invok: Trog's Hand       |       |    10 |     5 ||    15
Evoke: Wand              |       |       |     6 ||     6
  Use: Potion            |     2 |       |     1 ||     3
       Scroll            |       |    12 |     6 ||    18
 Stab: Paralysed         |       |       |     4 ||     4
